 Dungeon Crawl Stone Soup version 0.27-a0-668-gb5737ff2c0 (webtiles) character file.

Game seed: 15243782773210264782

12 Lanoc the Charlatan (level 2, -1/16 HPs)
             Began as a Tengu Artificer on Mar 17, 2021.
             Killed from afar by Robin (10 damage)
             ... with a puff of flame
             ... on level 2 of the Dungeon.
             The game lasted 00:00:31 (206 turns).

Lanoc the Charlatan (Tengu Artificer)                Turns: 206, Time: 00:00:31

Health: -1/16      AC:  3    Str: 12    XL:     2   Next: 33%
Magic:  3/3        EV: 11    Int: 11    God:
Gold:   0          SH:  0    Dex: 14    Spells: 1/1 levels left

rFire    . . .     SeeInvis .   a - +0 club
rCold    . . .     Faith    .   (no shield)
rNeg     . . .     Spirit   .   b - +0 leather armour
rPois    .         Reflect  .   (helmet restricted)
rElec    .         Harm     .   (no cloak)
rCorr    .         Rampage  .   (no gloves)
Will     .....                  (boots unavailable)
Stlth    +.........             (no amulet)
HPRegen  0.05/turn              (no ring)
MPRegen  0.08/turn              (no ring)

@: no status effects
A: beak, talons 3
a: no special abilities


You were on level 2 of the Dungeon.
You visited 1 branch of the dungeon, and saw 2 of its levels.

Inventory:

Hand Weapons
 a - a +0 club (weapon)
Armour
 b - a +0 leather armour (worn)
Wands
 c - a wand of flame (13) (quivered)
 d - a wand of charming (15)
 e - a wand of random effects (15)
Scrolls
 f - a scroll of identify {unknown}
 g - a scroll of amnesia {unknown}


   Skills:
 + Level 1.3 Fighting
 + Level 2.4 Armour
 + Level 1.4 Dodging
 - Level 1.0 Stealth
 * Level 3.3 Evocations


You had one spell level left.
You didn't know any spells.
Your spell library was empty.

Dungeon Overview and Level Annotations

Branches:
Dungeon (2/15)

Altars:

Annotations:
D:2 Robin


Innate Abilities, Weirdness & Mutations

You have a beak for a mouth.
You have claws for feet.


Message History

Robin shouts!
You hear a shout!
Robin throws the goblin at you! The goblin barely misses you.
You barely miss the goblin. You peck the goblin.
The goblin is heavily wounded.
The goblin barely misses you.
Robin roars a battlecry!
The goblins go into a battle-frenzy!
You hit the goblin.
You kill the goblin!
Robin throws the goblin at you!
A goblin comes into view.
The goblin shouts!
You closely miss the goblin. Your peck misses the goblin.
The goblin closely misses you.
You hit the goblin. You peck the goblin.
You kill the goblin!
The goblin no longer looks unusually strong.
You hit the goblin.
You kill the goblin!
The hobgoblin no longer looks unusually strong.
The goblin no longer looks unusually strong.
You closely miss the goblin. The goblin closely misses you.
You hit the goblin but do no damage. Your peck misses the goblin.
The goblin hits you with a +1 dagger of protection.
Robin roars a battlecry!
The goblins go into a battle-frenzy!
The goblin hits you with a +1 dagger of protection.
Aiming: Throw Flame
Press: ? - help, Q - select action, (/) - cycle Shift-Dir - straight line, f - goblin
Aim: a goblin, wielding a +1 dagger of protection (strong, 36% to evade)
The puff of flame hits the goblin.
You kill the goblin!
Aiming: Throw Flame
Press: ? - help, Q - select action, (/) - cycle Shift-Dir - straight line, f - hobgoblin
Aim: a hobgoblin, wielding a +0 club (strong, 29% to evade)
The puff of flame hits the hobgoblin!
You kill the hobgoblin!
Robin zaps a wand.
The puff of flame hits you!
Ouch! That really hurt!
You die...

#g #g
#.################
#.#.........g†...#
#.###.#########.##
#†.g..# #g#
....#### #)# !...#
#.# ....#
#######@# #####
#.......#
#.####### #<# ###


You could see Robin.

Vanquished Creatures
  An ooze (D:1)
  A leopard gecko (D:1)
  4 goblins (D:2)
  A hobgoblin (D:2)
  A rat (D:1)
8 creatures vanquished.

Notes
Turn   | Place    | Note
-------+----------+-------------------------------------------
     0 | D:1      | Lanoc the Tengu Artificer began the quest for the Orb.
     0 | D:1      | Reached XP level 1. HP: 12/12 MP: 2/2
    63 | D:1      | Reached XP level 2. HP: 12/16 MP: 3/3
   179 | D:2      | Noticed Robin
   206 | D:2      | Killed from afar by Robin

Illustrated notes

Levels and vault maps discovered:
D:1:      sevenhm_arrival_forest_fort_large_2, layout_rooms,
          minmay_split_cup_small
D:2:      layout_basic, uniq_robin

Action                   || total
-------------------------++-------
Melee: Club              ||    13
       Kick              ||     3
       Peck              ||     2
Evoke: Wand              ||     2
 Stab: Sleeping          ||     1
Armor: Leather armour    ||     4
Dodge: Dodged            ||     5

Table legend: (Time is in decaauts)
 A = Elapsed time spent in this place.
 B = Non-inter-level travel time spent in this place.
 C = Inter-level travel time spent in this place.
 D = Time resting spent in this place.
 E = Time spent auto-exploring this place.
 F = Levels seen in this place.
 G = Mean time per level.
                   A        B        C        D        E       F      G
               +--------+--------+--------+--------+--------+-----+--------+
         Total |    209 |    199 |     10 |      0 |    148 |   2 |  104.5 |
       Dungeon |    209 |    199 |     10 |      0 |    148 |   2 |  104.5 |
               +--------+--------+--------+--------+--------+-----+--------+

Top non-repeatable levels by time:
     D:1: 151 daAuts
     D:2: 57 daAuts
